AoeStats
← 化劲省二

MegaRandom

504859473Analyzed
1v1 RM · 27d ago on Sep 6, 2026· 37m 55s· 2 players
Game mode
Random Map
Map size
Tiny (2 player)
Population
200
Speed
Normal
Resources
Standard
Victory
Conquest
Starting age
Dark Age
Ending age
Imperial Age
RankedLock teamsTeams togetherTeam positionsShared explorationLock speedFull tech treeHidden civsTurbo modeCheats
Victory
Defeat
🇨🇳 Khitans · China
1192
+15
🇵🇪 Britons · Peru
1167
-15
benja.aviles.209
5:23 Loom
13:08 Feudal Age
13:14 Man-at-Arms
20:45 Fletching
27:37 Forging
31:31 Castle Age
化劲省二
4:28 Loom
13:01 Feudal Age
16:39 Wheelbarrow
18:31 Double-Bit Axe
18:40 Stone Mining
22:02 Castle Age
21:47 Domestication
23:37 Pastoralism
29:44 Scale Mail Armor
35:46 Town Watch
37:19 Squires
38:43 Bow Saw
Connection lost

Rejoining the realm…

Still unreachable

The connection could not be restored.

Session expired

The server has moved on; the page needs a fresh start.